 Dungeon Crawl Stone Soup version 0.28.0-47-ge53b351184 (webtiles) character file.

Game seed: 15252386376842622557

61 Keeper01 the Covered (level 4, 0/29 HPs)
             Began as a Gargoyle Fighter on May 10, 2022.
             Was an Initiate of Ru.
             Slain by an adder (2 damage)
             ... on level 3 of the Dungeon.
             The game lasted 00:06:58 (1673 turns).

Keeper01 the Covered (Gargoyle Fighter)             Turns: 1673, Time: 00:06:58

Health: 0/29       AC: 10    Str: 21    XL:     4   Next: 7%
Magic:  13/13      EV:  9    Int:  9    God:    Ru [......]
Gold:   92         SH:  4    Dex:  9    Spells: 3/3 levels left

rFire   . . .      SeeInvis .   a - +0 flail
rCold   . . .      Faith    .   c - +0 buckler
rNeg    + . .      Spirit   .   b - +0 scale mail
rPois   ∞          Reflect  .   (no helmet)
rElec   +          Harm     .   (no cloak)
rCorr   .          Rampage  .   (no gloves)
Will    .....                   (no boots)
Stlth   ..........              (no amulet)
HPRegen 0.09/turn               g - ring of magical power
MPRegen 0.13/turn               (no ring)

@: mighty, about to teleport
A: sickness immunity, AC +3, negative energy resistance 1, electricity
resistance, torment resistance 1, petrification resistance
a: Renounce Religion, Sacrifice Arcana, Sacrifice Purity, Sacrifice Stealth,
Reject Sacrifices


You were on level 3 of the Dungeon.
You worshipped Ru.
Ru was noncommittal.
You visited 1 branch of the dungeon, and saw 3 of its levels.

You collected 92 gold pieces.

Inventory:

Hand Weapons
 a - a +0 flail (weapon)
Armour
 b - a +0 scale mail (worn)
 c - a +0 buckler (worn)
 e - a +0 barding
 f - a +0 leather armour
Jewellery
 g - a ring of magical power (left hand)
Scrolls
 h - a scroll of teleportation
 j - a scroll of identify
Potions
 i - a potion of attraction


   Skills:
 + Level 3.7 Fighting
 + Level 3.0 Maces & Flails
 + Level 3.9 Armour
 + Level 0.2 Dodging
 + Level 0.2 Stealth
 + Level 3.5 Shields


You had 3 spell levels left.
You didn't know any spells.
Your spell library was empty.

Dungeon Overview and Level Annotations

Branches:
Dungeon (3/15)

Altars:
Ru

Shops:
D:2 *


Innate Abilities, Weirdness & Mutations

You are immune to sickness and miasma.
Your stone body is resilient. (AC +3)
You are immune to poison.
You resist negative energy. (rN+)
You are resistant to electric shocks. (rElec)
You are resistant to unholy torment.
You are immune to petrification.


Message History

The orc is heavily wounded.
You block the orc's attack. The orc hits you but does no damage.
You closely miss the orc.
The orc is heavily wounded.
The orc hits you with a +0 falchion.
The orc priest calls upon Beogh to heal the orc.
The orc's wounds heal themselves!
You feel very mighty all of a sudden. The orc hits you but does no damage.
You closely miss the orc. The orc hits you but does no damage.
You block the orc's attack.
You completely miss the orc. The orc hits you with a +0 falchion.
The orc priest looks encouraged for a moment.
You sock the orc!
You kill the orc!
You sock the orc priest!
The orc priest is heavily wounded.
The orc priest mumbles some strange prayers to Beogh against you.
Beogh smites you!
Ouch! That really hurt!
* * * LOW HITPOINT WARNING * * *
An adder comes into view.
The adder hisses angrily.
As you read the scroll labelled QAGIAS MIRUI, it crumbles to dust.
It is a scroll of identify.
h - 2 scrolls of teleportation The orc priest hits you but does no damage.
You sock the orc priest!
You kill the orc priest!
Your Maces & Flails skill increases to level 3!
You have reached level 4!
You feel clever.
Unknown command.
You sock the orc!
You kill the orc!
The adder barely misses you.
Items here: ))))) [ †††.
As you read the scroll of teleportation, it crumbles to dust.
You feel strangely unstable. The adder bites you.
You die...

#...#..##.# #...#..##.#
# #.#.......#.# .#
#.........#.####.#.
+.....#........>...
#.###.##........##. #
#. #........#
.#####.##........#
..(....S@........#
..####.###.......#
..####.###.......#
#.#..............##
.....#.###...........
#.#..###.............
######.#..#
#.............
#...##.#..#
#.........####
#...##.#..###...##...##


You could see an adder.

Vanquished Creatures
  An orc priest (D:3)
  A worm (D:3)
  A dart slug (D:1)
  5 orcs (D:3)
  2 bats (D:1)
  2 endoplasms (D:1)
  A giant cockroach (D:2)
  2 hobgoblins
  4 ball pythons
  2 frilled lizards
  A kobold (D:2)
  2 rats (D:1)
24 creatures vanquished.

Vanquished Creatures (others)
  A plant (D:1)
1 creature vanquished.

Grand Total: 25 creatures vanquished

Notes
Turn   | Place    | Note
-------+----------+-------------------------------------------
     0 | D:1      | Keeper01 the Gargoyle Fighter began the quest for the Orb.
     0 | D:1      | Reached XP level 1. HP: 14/14 MP: 1/1
   428 | D:1      | Reached XP level 2. HP: 15/19 MP: 2/2
   500 | D:1      | Found a faded altar of an unknown god.
   514 | D:1      | Prayed at the altar of an unknown god.
   514 | D:1      | Became a worshipper of Ru the Awakened
  1082 | D:2      | Found Jeutogh's Assorted Antiques.
  1363 | D:3      | Reached XP level 3. HP: 16/23 MP: 3/3
  1668 | D:3      | HP: 1/24 [orc priest/divine providence (13)]
  1671 | D:3      | Reached XP level 4. HP: 2/29 MP: 4/4
  1673 | D:3      | Slain by an adder

Illustrated notes

Levels and vault maps discovered:
D:1:      kennysheep_arrival_seaside, layout_rooms,
          nicolae_ecumenical_lake_church, serial_co_window_serial,
          co_window_paths_a, co_window_of_opportunity_a, co_window_paths_a,
          co_window_corner_a, co_window_corner_a, co_window_paths_a,
          co_window_paths_b, co_window_broadway_b, co_window_corner_b,
          co_window_corner_ca, co_window_2corner, co_window_corner_b,
          co_window_paths_e, glass_columns_c, glass_columns_a, glass_columns_a
D:2:      layout_loops_ring, serial_shops, shop
D:3:      layout_basic, uniq_crazy_yiuf_cottage

Skill      XL: |  1  2  3 |
---------------+----------+-----
Maces & Flails | 3 |  3.0
Fighting       | |  3.7
Armour         | |  3.9
Dodging        | |  0.2
Stealth        | |  0.2
Shields        | |  3.5

Action                   |  1- 3 |  4- 6 || total
-------------------------+-------+-------++-------
Melee: Flail             |    88 |     1 ||    89
  Use: Potion            |     2 |       ||     2
       Scroll            |     1 |     1 ||     2
Armor: Scale mail        |    51 |       ||    51
Dodge: Dodged            |    39 |     1 ||    40
Block: Buckler           |    18 |       ||    18
